 Dungeon Crawl Stone Soup version 0.22.1-1-ga44c0e56f4 (webtiles) character file.

58804 OdinFK the Fencer (level 14, -2/130 HPs)
             Began as a Minotaur Berserker on Oct 13, 2018.
             Was the Champion of Trog.
             Slain by an orc warrior
             ... wielding a +0 flail
              (16 damage)
             ... on level 2 of the Orcish Mines on Oct 14, 2018.
             The game lasted 01:22:16 (18122 turns).

OdinFK the Fencer (Minotaur Berserker)             Turns: 18122, Time: 01:22:17

Health: -2/130     AC: 25    Str: 28    XL:     14   Next: 50%
Magic:  4/4        EV:  8    Int:  4    God:    Trog [******]
Gold:   1510       SH: 13    Dex: 15    Spells: 13/13 levels left

rFire    x . .     SeeInvis .   J - +3 demon blade (antimagic)
rCold    + . .     Gourm    .   m - +0 shield
rNeg     . . .     Faith    .   F - +0 plate armour
rPois    .         Spirit   .   B - +1 hat
rElec    .         Reflect  .   S - +0 cloak "Avavilew" {Str+3}
rCorr    .         Harm     .   Y - +2 pair of gloves {Dex+3}
MR       ++...                  O - +2 pair of boots {Stlth+}
Stlth    ..........             y - amulet of the acrobat
HPRegen  0.31/turn              G - ring of ice
MPRegen  0.09/turn              N - ring of protection from magic

@: drained
A: retaliatory headbutt, horns 2
a: Berserk, Trog's Hand, Brothers in Arms, Renounce Religion


You were on level 2 of the Orcish Mines.
You worshipped Trog.
Trog was exalted by your worship.
You were not hungry.

You visited 3 branches of the dungeon, and saw 20 of its levels.
You also visited: Labyrinth, Sewer, Ossuary and Ice Cave.

You collected 1941 gold pieces.
You spent 431 gold pieces at shops.

Inventory:

Hand Weapons
 v - a +3 scimitar of flaming
 J - a +3 antimagic demon blade (weapon)
 L - a +0 short sword of freezing
Missiles
 I - 4 tomahawks (quivered)
Armour
 f - a +0 chain mail of fire resistance
 m - a +0 shield (worn)
 q - a +1 ring mail of positive energy
 s - +0 ice dragon scales
 B - a +1 hat (worn)
 F - a +0 plate armour (worn)
 O - a +2 pair of boots of stealth (worn)
 S - the +0 cloak "Avavilew" (worn) {Str+3}
   (You found it on level 1 of the Lair of Beasts)

   It affects your strength (+3).
 Y - a +2 pair of gloves of dexterity (worn)
Jewellery
 n - an uncursed ring of protection from fire
 o - an uncursed ring of fire
 t - a +4 ring of evasion
 y - an amulet of the acrobat (around neck)
 A - a +4 ring of strength
 G - a ring of ice (left hand)
 N - a ring of protection from magic (right hand)
 P - an uncursed ring of poison resistance
 U - an uncursed ring of resist corrosion
 X - an uncursed ring of protection from cold
Scrolls
 a - a scroll of vulnerability
 b - a scroll of fear
 h - 2 scrolls of noise
 j - 4 scrolls of fog
 k - 8 scrolls of teleportation
 r - 5 scrolls of enchant weapon
 C - 4 scrolls of enchant armour
 D - 5 scrolls of blinking
 E - 3 scrolls of magic mapping
 H - a scroll of identify
 K - 6 scrolls of immolation
 M - 2 scrolls of remove curse
 T - a scroll of brand weapon
 V - a scroll of holy word
Potions
 d - 3 potions of ambrosia
 e - 5 potions of resistance
 g - a potion of invisibility
 i - 12 potions of heal wounds
 l - 12 potions of curing
 p - 6 potions of mutation
 u - 2 potions of flight
 w - 3 potions of agility
 x - 6 potions of might
 z - 4 potions of brilliance
Comestibles
 c - 32 rations


   Skills:
 + Level 13.9(13.4) Fighting
 + Level 4.6(10.7) Short Blades
 + Level 16.5(16.1) Long Blades
 + Level 9.4(8.9) Throwing
 + Level 13.1(12.6) Armour
 - Level 2.3(1.9) Dodging
 + Level 11.4(10.9) Shields


You had 13 spell levels left.
You didn't know any spells.
Your spell library was empty.

Dungeon Overview and Level Annotations

Branches:
Dungeon (13/15)            Temple (0/1) D:5            Lair (5/6) D:10
  Swamp (0/4) Lair:3       Spider (0/4) Lair:2          Orc (2/2) D:9
    Elf (0/3) Orc:2
  Slime: Lair:5-6    Vaults: D:13-14

Altars:
Ashenzari
Dithmenos
Elyvilon
Hepliaklqana

Shops:
D:12 *

Annotations:
D:4 2 transporters


Innate Abilities, Weirdness & Mutations

You reflexively headbutt those who attack you in melee.
You have a pair of horns on your head.


Message History

The orc hits you but does no damage.
The orc warrior hits you from afar with a trident!
* * * LOW HITPOINT WARNING * * *
The orc wizard gestures wildly while chanting.
The orc wizard seems to speed up.
An orc warrior comes into view. It is wielding a short sword.
The orc sorcerer hits you but does no damage.
The orc priest hits you but does no damage.
The orc warrior shouts!
You can move again.
There is a stone staircase leading up, spattered with blood here.
Items here: (( ))) [ You hear a shout!
You block the orc wizard's attack. You block the orc warlord's attack.
The orc hits you but does no damage.
The orc warrior hits you from afar with a trident!
* * * LOW HITPOINT WARNING * * *
The orc sorcerer hits you but does no damage.
The orc warrior hits you with a flail!
You die...

#. .(.(.......<(...#
#......($[(........##
#......[.)).........##
##...#..((.....[.....#
#...(.#.((............
#.(..(((.()(.........#
..((.(..(o4..........##
o...o...(ooo......#...#
o.[(..oooo@#.#...#...#
........ooo.#.....#.#
........#)o........#
#....##.##.....#..##
#.... ...##....#### #..
.#. ###.## $. ### .>


You could see an orc warlord, an orc knight, a hellwing, an orc sorcerer, 4 orc
warriors, 2 orc priests, an orc wizard and 3 orcs.

Vanquished Creatures
  A minotaur (Lab)
  Azrael (D:12)
  Fannar (D:12)
  4 hydras
  2 ice dragons (IceCv)
  Erolcha (Orc:1)
  3 two-headed ogres
  A tengu warrior (D:10)
  6 death yaks (Lair:5)
  2 orc high priests (Orc:2)
  Sonja (Lair:1)
  The ghost of dengdeng the Cleaver, a novice MiBe of Trog (D:9)
  3 orc sorcerers
  A wolf spider (Lair:2)
  An ugly thing (D:11)
  2 elephants (Lair:5)
  2 ice statues (IceCv)
  A black mamba (Lair:1)
  Psyche (D:9)
  A torpor snail (Lair:2)
  6 spiny frogs
  5 komodo dragons
  5 rime drakes
  4 trolls
  Grinder (D:3)
  2 polar bears (D:9)
  2 dream sheep (Lair:2)
  17 blink frogs
  8 hippogriffs
  33 yaks
  A shadow (D:11)
  2 wraiths
  A wyvern (Lair:5)
  2 basilisks
  2 fire elementals (D:12)
  2 hungry ghosts (D:7)
  2 wargs (Orc:1)
  8 water moccasins
  7 porcupines
  3 hell hounds (D:12)
  24 orc warriors
  2 black bears
  A sky beast (D:11)
  An eye of draining (D:12)
  21 ice beasts
  9 ogres
  5 wolves
  5 centaurs
  8 crocodiles
  An elf zombie (Ossuary)
  11 bullfrogs
  6 big kobolds
  A wyvern skeleton (D:9)
  4 scorpions
  A water moccasin skeleton (D:8)
  3 killer bees (D:9)
  11 wights
  6 howler monkeys
  10 crimson imps
  4 hounds
  A quasit (D:9)
  A bullfrog zombie (D:12)
  A centaur skeleton (D:11)
  3 centaur zombies
  4 jellies
  A human zombie (Ossuary)
  16 orc priests
  3 bullfrog skeletons
  4 iguanas
  23 orc wizards
  16 worker ants
  Ijyb (D:3)
  A centaur simulacrum (D:9)
  A hound skeleton (D:5)
  A hound zombie (D:9)
  2 mummies (Ossuary)
  14 adders
  A howler monkey skeleton (D:4)
  10 river rats (Sewer)
  2 shadow imps
  14 white imps
  An ufetubus (D:9)
  3 oozes
  An adder skeleton (D:9)
  3 adder zombies
  A worm (D:5)
  A dart slug (D:2)
  6 leopard geckos
  73 orcs
  7 ball pythons
  8 giant cockroaches
  3 goblins (D:3)
  7 hobgoblins
  A jackal (D:1)
  2 quokkas
  6 bats
  5 frilled lizards
  11 hobgoblin zombies (Ossuary)
  2 jackal skeletons
  A jackal zombie (Ossuary)
  37 kobolds
  9 kobold zombies (Ossuary)
  10 orc zombies (Ossuary)
  A quokka skeleton (D:4)
  23 rats
  A rat zombie (Ossuary)
626 creatures vanquished.

Vanquished Creatures (others)
  An orc (Orc:2)
  A quokka (D:12)
  3 fungi
  2 plants
7 creatures vanquished.

Grand Total: 633 creatures vanquished

Notes
Turn   | Place    | Note
-------+----------+-------------------------------------------
     0 | D:1      | OdinFK the Minotaur Berserker began the quest for the Orb.
     0 | D:1      | Reached XP level 1. HP: 19/19 MP: 0/0
   208 | D:1      | Reached XP level 2. HP: 26/27 MP: 1/1
   377 | D:1      | Reached skill level 4 in Long Blades
   962 | D:2      | Reached ** piety under Trog
  1020 | D:2      | Reached XP level 3. HP: 26/33 MP: 2/2
  1396 | D:3      | Noticed Ijyb
  1406 | D:3      | Killed Ijyb
  1424 | D:3      | Noticed a scorpion
  1438 | D:3      | Killed a scorpion
  1438 | D:3      | Reached skill level 5 in Long Blades
  1438 | D:3      | Reached XP level 4. HP: 30/41 MP: 3/3
  1465 | D:3      | Reached skill level 5 in Fighting
  1465 | D:3      | Reached XP level 5. HP: 48/48 MP: 4/4
  1615 | D:3      | Found a glowing drain.
  1615 | D:3      | Noticed Grinder
  1640 | D:3      | Killed Grinder
  1640 | D:3      | Reached skill level 7 in Long Blades
  1640 | D:3      | Reached XP level 6. HP: 40/56 MP: 5/5
  1666 | Sewer    | Entered a sewer
  2048 | Sewer    | Reached *** piety under Trog
  2048 | Sewer    | Received a gift from Trog
  2219 | Sewer    | Reached XP level 7. HP: 46/62 MP: 6/6
  2407 | Sewer    | Reached skill level 8 in Long Blades
  2813 | D:3      | Reached skill level 1 in Shields
  3038 | D:4      | Reached **** piety under Trog
  3312 | D:4      | Found a transporter.
  3344 | D:4      | Found a transporter.
  3358 | D:4      | Found a shadowy altar of Dithmenos.
  3388 | D:4      | Reached skill level 1 in Throwing
  3388 | D:4      | Reached skill level 5 in Armour
  3724 | D:4      | Reached XP level 8. HP: 66/71 MP: 7/7
  3901 | D:5      | Entered Level 5 of the Dungeon
  4072 | D:5      | Reached skill level 9 in Long Blades
  4132 | D:5      | Found a white marble altar of Elyvilon.
  4232 | D:5      | Reached ***** piety under Trog
  4322 | D:5      | Found a staircase to the Ecumenical Temple.
  4590 | D:6      | Reached skill level 10 in Long Blades
  4939 | D:6      | Found the ring of Shadows {Umbra +Inv Stlth+}
  5144 | D:7      | Reached XP level 9. HP: 79/79 MP: 8/8
  5199 | D:7      | Received a gift from Trog
  5427 | D:7      | Reached skill level 11 in Long Blades
  5822 | D:8      | Noticed a troll
  5828 | D:8      | Killed a troll
  5845 | D:8      | Found a sand-covered staircase.
  5930 | Ossuary  | Entered an ossuary
  6981 | D:9      | Noticed Psyche
  7003 | D:9      | Noticed a two-headed ogre
  7008 | D:9      | Killed a two-headed ogre
  7008 | D:9      | Reached skill level 12 in Long Blades
  7008 | D:9      | Reached XP level 10. HP: 90/90 MP: 3/9
  7199 | D:9      | Noticed dengdeng's ghost (novice MiBe)
  7222 | D:9      | Reached skill level 13 in Long Blades
  7255 | D:9      | Found a runed door.
  7375 | D:9      | Received a gift from Trog
  7777 | D:9      | Reached skill level 5 in Shields
  7783 | D:9      | Killed Psyche
  7893 | D:9      | Found a staircase to the Orcish Mines.
  8117 | D:9      | Killed dengdeng's ghost
  8117 | D:9      | Reached skill level 14 in Long Blades
  8117 | D:9      | Reached XP level 11. HP: 99/99 MP: 3/10
  8163 | D:10     | Entered Level 10 of the Dungeon
  8254 | D:10     | Found a staircase to the Lair.
  8279 | D:10     | Reached skill level 10 in Fighting
  8311 | D:10     | Found a hazy altar of Hepliaklqana.
  8417 | D:10     | Found a shattered altar of Ashenzari.
  8559 | D:10     | Noticed a tengu warrior
  8579 | D:10     | Killed a tengu warrior
  8643 | D:10     | Reached skill level 5 in Throwing
  8643 | D:10     | Reached skill level 10 in Armour
  8643 | D:10     | Reached XP level 12. HP: 84/110 MP: 3/11
  9012 | D:11     | Received a gift from Trog
  9910 | Lair:1   | Entered Level 1 of the Lair of Beasts
  9917 | Lair:1   | Received a gift from Trog
 10141 | Lair:1   | Reached skill level 15 in Long Blades
 10181 | Lair:1   | Got a transparent cloak
 10187 | Lair:1   | Identified the cursed +0 cloak "Avavilew" {Str+3} (You
                  | found it on level 1 of the Lair of Beasts)
 10209 | Lair:1   | Noticed Sonja
 10221 | Lair:1   | Killed Sonja
 10845 | Lair:2   | Noticed an eight-headed hydra
 10858 | Lair:2   | Killed an eight-headed hydra
 11138 | Lair:2   | Found a labyrinth entrance.
 11185 | Lair:2   | Found a hole to the Spider Nest.
 11201 | Lab      | Entered a labyrinth
 11396 | Lab      | Noticed a minotaur
 11414 | Lab      | Killed a minotaur
 11471 | Lab      | Got an ichor-stained hand axe
 11546 | D:10     | Identified the cursed +1 hand axe of the Priest {freeze,
                  | *Corrode rElec MP+9 Str+5} (You found it in a labyrinth)
 11620 | Lair:2   | Noticed a four-headed hydra
 11635 | Lair:2   | Killed a four-headed hydra
 11635 | Lair:2   | Reached XP level 13. HP: 65/118 MP: 12/12
 12401 | Lair:3   | Found a staircase to the Swamp.
 12526 | Lair:3   | Found a frozen archway.
 12550 | Lair:3   | Received a gift from Trog
 12570 | IceCv    | Entered an ice cave
 13314 | Lair:3   | Received a gift from Trog
 13749 | Lair:4   | Reached skill level 10 in Shields
 13799 | Lair:4   | Received a gift from Trog
 13822 | Lair:4   | Reached ****** piety under Trog
 14070 | Lair:5   | Received a gift from Trog
 14112 | Lair:5   | Reached skill level 16 in Long Blades
 14194 | Lair:5   | Reached XP level 14. HP: 99/129 MP: 4/13
 15039 | Orc:1    | Entered Level 1 of the Orcish Mines
 15340 | Orc:1    | Noticed Erolcha
 15346 | Orc:1    | Killed Erolcha
 15647 | Orc:2    | Entered Level 2 of the Orcish Mines
 15667 | Orc:2    | Received a gift from Trog
 15667 | Orc:2    | Noticed an orc warlord
 16166 | Orc:2    | Found a staircase to the Elven Halls.
 16193 | Orc:2    | Received a gift from Trog
 16327 | Orc:2    | Noticed an orc warlord
 16589 | D:12     | Got an encrusted dagger
 16620 | D:12     | Found Laaloc's Assorted Antiques.
 17052 | D:12     | Noticed Azrael
 17083 | D:12     | Killed Azrael
 17174 | D:12     | Noticed Fannar
 17196 | D:12     | Killed Fannar
 17551 | D:12     | Bought a scroll of blinking for 202 gold pieces
 17551 | D:12     | Bought a scroll of enchant weapon for 202 gold pieces
 17551 | D:12     | Bought a scroll labeled POXEGUL DOPLUZ for 27 gold pieces
 17553 | D:12     | Identified the cursed +1 dagger "Wiproec" {flame, rF+} (You
                  | found it on level 12 of the Dungeon)
 18115 | Orc:2    | Paralysed by an orc sorcerer for 7 turns
 18122 | Orc:2    | Slain by an orc warrior

Skill      XL: |  1  2  3  4  5  6  7  8  9 10 11 12 13 14 |
---------------+-------------------------------------------+-----
Long Blades    | 4 5 7 8 10 12 14 15 16 | 16.5
Fighting       | 4 5 6 7 8 9 11 12 13 | 13.9
Armour         | 3 4 5 6 8 9 10 11 12 13 | 13.1
Shields        | 1 2 3 5 7 9 10 11 | 11.4
Throwing       | 1 2 3 5 6 8 9 |  9.4
Short Blades   | 3 4 |  4.6
Dodging        | |  2.3

Action                   |  1- 3 |  4- 6 |  7- 9 | 10-12 | 13-15 || total
-------------------------+-------+-------+-------+-------+-------++-------
Melee: Falchion          |    75 |   113 |   313 |       |       ||   501
       Headbutt          |    11 |    20 |    97 |   113 |   191 ||   432
       Demon blade       |       |       |   161 |   428 |   584 ||  1173
       Short sword       |       |       |       |    32 |    20 ||    52
Throw: Javelin           |       |       |    36 |    25 |    69 ||   130
       Tomahawk          |       |       |       |    25 |    75 ||   100
Invok: Berserk           |       |     2 |     2 |     3 |     4 ||    11
       Trog's Hand       |       |       |       |     3 |     1 ||     4
  Use: Scroll            |     4 |       |     7 |     9 |    10 ||    30
       Potion            |       |       |       |     2 |     1 ||     3
  Eat: Chunk             |     2 |     4 |    21 |    17 |    22 ||    66
       Ration            |       |       |       |     1 |     1 ||     2
Armor: Animal skin       |     4 |       |       |       |       ||     4
       Scale mail        |    24 |       |       |       |    11 ||    35
       Ring mail         |     2 |    21 |    66 |       |       ||    89
       Plate armour      |       |       |    91 |   168 |   178 ||   437
       Skin              |       |       |       |     4 |       ||     4
Dodge: Dodged            |    51 |    50 |   154 |   100 |   129 ||   484
Block: Buckler           |       |    12 |    47 |     7 |       ||    66
       Shield            |       |       |       |   169 |   275 ||   444
       Rpst.: Falchion   |    16 |    13 |    30 |       |       ||    59
       Demon blade       |       |       |     9 |    23 |    26 ||    58
